 Dungeon Crawl Stone Soup version 0.29.1-15-g9cfb28693d (webtiles) character file.

Game seed: 9036463844984420339

53 Kavaar the Slasher (level 3, -7/21 HPs)
             Began as a Tengu Warper on Apr 29, 2023.
             Mangled by Menkaure (13 damage)
             ... on level 4 of the Dungeon.
             The game lasted 00:04:59 (1645 turns).

Kavaar the Slasher (Tengu Warper)                   Turns: 1645, Time: 00:04:59

Health: -7/21      AC:  7    Str: 17    XL:     3   Next: 89%
Magic:  7/7        EV: 10    Int: 13    God:
Gold:   115        SH:  0    Dex: 15    Spells: 6/6 levels left

rFire   . . .      SeeInvis .   r - +6 whip "Gaaz" {vorpal, *Corrode rN+ Str+6}
rCold   . . .      Faith    .   (no shield)
rNeg    + + .      Spirit   .   m - +0 scale mail
rPois   .          Reflect  .   (helmet restricted)
rElec   .          Harm     .   q - +0 cloak
rCorr   .          Rampage  .   (no gloves)
Will    .....                   (boots unavailable)
Stlth   ..........              (no amulet)
HPRegen 0.07/turn               k - ring of positive energy
MPRegen 0.10/turn               (no ring)

@: no status effects
A: beak, talons 3
a: no special abilities


You were on level 4 of the Dungeon.
You visited 1 branch of the dungeon, and saw 3 of its levels.

You collected 115 gold pieces.

Inventory:

Hand Weapons
 a - a +0 falchion
 r - the +6 whip "Gaaz" (weapon) {vorpal, *Corrode rN+ Str+6}
   (You found it on level 4 of the Dungeon)

   It inflicts extra damage upon your enemies.
   Str:       It affects your strength (+6).
   rN:        It protects you from negative energy.
   *Corrode:  It may corrode you when you take damage.
Missiles
 d - 7 boomerangs of dispersal (quivered)
Armour
 b - a +0 leather armour
 m - a +0 scale mail (worn)
 q - a +0 cloak (worn)
Jewellery
 k - a ring of positive energy (left hand)
 n - a ring of magical power
Scrolls
 c - a scroll of blinking
 f - 2 scrolls of identify {unknown}
 h - a scroll of enchant armour {unknown}
 i - a scroll of noise {unknown}
Potions
 e - a potion of resistance {unknown}
 j - a potion of flight {unknown}
 l - a potion of ambrosia {unknown}
 o - a potion of lignification {unknown}
 p - a potion of heal wounds {unknown}


   Skills:
 - Level 2.0 Fighting
 - Level 4.3 Long Blades
 + Level 0.2 Maces & Flails
 - Level 1.0 Throwing
 - Level 1.1 Armour
 - Level 2.3 Dodging
 - Level 2.0 Spellcasting
 - Level 2.4 Translocations


You had 6 spell levels left.
You didn't know any spells.
Your spell library contained the following spells:

 Spells                   Type           Power      Damage    Failure   Level
 Blink                    Tloc           14%        N/A       45%         2
 Gell's Gravitas          Tloc           7%         N/A       71%         3
 Lesser Beckoning         Tloc           7%         N/A       71%         3
 Teleport Other           Tloc           7%         N/A       71%         3
 Static Discharge         Conj/Air       1%         3-4/arc   80%         2
 Lightning Bolt           Conj/Air       0%         1d11      100%        5
 Manifold Assault         Tloc           7%         N/A       100%        5
 Maxwell's Capacitive Co  Air            0%         ∞         100%        8


Dungeon Overview and Level Annotations

Branches:
Dungeon (4/15)
 Temple: D:4-7

Altars:

Annotations:
D:4 Menkaure


Innate Abilities, Weirdness & Mutations

You have a beak for a mouth.
You have claws for feet.


Message History

r - the +6 whip "Gaaz" {vorpal, *Corrode rN+ Str+6} You feel stronger.
r - the +6 whip "Gaaz" (weapon)
{vorpal, *Corrode rN+ Str+6} Setting a skill training target for Maces & Flails at 12.0.
A ball python comes into view.
The ball python hisses angrily.
You hit the ball python.
You kill the ball python!
No target in view!
You open the door.
There is an open door here.
You now have 100 gold pieces (gained 9).
Found a stone staircase leading down.
No target in view!
No target in view!
You now have 115 gold pieces (gained 15).
As you open the door, it creaks loudly!
There is an open door here.
A goblin comes into view. It is wielding a +0 dagger.
Menkaure, Prince of Dust comes into view.
Found a diamond ring.
Menkaure shouts!
The goblin hits you but does no damage.
You hit the goblin.
You kill the goblin!
You start waiting.
Menkaure is nearby!
Menkaure hits you!!
Ouch! That really hurt!
* * * LOW HITPOINT WARNING * * *
You are too injured to fight recklessly!
You are too injured to fight recklessly!
You are too injured to fight recklessly!
It was a potion of curing.
You feel better.
You hit Menkaure. Your kick misses Menkaure. You peck Menkaure.
You punch Menkaure, but do no damage.
Menkaure is moderately damaged.
Menkaure hits you!
Ouch! That really hurt!
You die...

. ## ########.. ..
#.>....#... ####.#
#......#.... ..#.###
#......#=....##.)...#
#......#......M...#
##......#......#@#.#
........####.. #.# ..
...###### #####.# #.#
.....# #.....# ..
...#.#######'###### .
...#.....#........#
...#####'#........#
...# #.........>...
#### #..........#..


You could see Menkaure.

Vanquished Creatures
  2 dart slugs
  4 ball pythons
  A bat (D:2)
  8 endoplasms
  3 giant cockroaches
  6 goblins
  5 hobgoblins
  5 quokkas (D:1)
  4 kobolds (D:2)
  3 rats (D:1)
41 creatures vanquished.

Vanquished Creatures (others)
  A plant (D:4)
1 creature vanquished.

Grand Total: 42 creatures vanquished

Notes
Turn   | Place    | Note
-------+----------+-------------------------------------------
     0 | D:1      | Kavaar the Tengu Warper began the quest for the Orb.
     0 | D:1      | Reached XP level 1. HP: 12/12 MP: 4/4
    28 | D:1      | Found a faded altar of an unknown god.
   108 | D:1      | Reached XP level 2. HP: 16/17 MP: 6/6
   138 | D:1      | Reached skill level 3 in Long Blades
   542 | D:1      | Reached XP level 3. HP: 21/21 MP: 7/7
  1033 | D:2      | Reached skill level 4 in Long Blades
  1599 | D:2      | You fall into a shaft and drop 2 floors!
  1600 | D:4      | Identified the +6 whip "Gaaz" {vorpal, *Corrode rN+ Str+6}
  1636 | D:4      | Noticed Menkaure
  1643 | D:4      | HP: 1/21 [Menkaure (20)]
  1645 | D:4      | Mangled by Menkaure

Illustrated notes

Levels and vault maps discovered:
D:1:      lemuel_arrival_funnel, layout_basic, hellmonk_ecumenical_altar_blasted
D:2:      layout_basic
D:4:      layout_basic, serial_bayou_lake_a, uniq_robin, uniq_menkaure,
          uniq_grinder

Skill      XL: |  1  2  3 |
---------------+----------+-----
Long Blades    | 3 4 |  4.3
Fighting       | |  2.0
Maces & Flails | |  0.2
Throwing       | |  1.0
Armour         | |  1.1
Dodging        | |  2.3
Spellcasting   | |  2.0
Translocations | |  2.4

Action                   || total
-------------------------++-------
Melee: Falchion          ||    78
       Kick              ||    17
       Peck              ||    11
       Whip              ||     3
       Punch             ||     1
  Use: Potion            ||     1
 Stab: Sleeping          ||     1
Armor: Leather armour    ||    10
       Scale mail        ||    12
Dodge: Dodged            ||    38
